 Dungeon Crawl Stone Soup version 0.31.0-11-ge490571c62 (webtiles) character file.

Game seed: 15421292812729307936

630 qw the Shooter (level 7, -2/35 HPs)
             Began as a Spriggan Hunter on Feb 4, 2024.
             Incinerated by a bombardier beetle (5 damage)
             ... with a burning spray
             ... on level 5 of the Dungeon.
             The game lasted 00:01:20 (3010 turns).

qw the Shooter (Spriggan Hunter)                    Turns: 3010, Time: 00:01:20

Health: -2/35      AC:  4    Str:  7    XL:     7   Next: 24%
Magic:  8/8        EV: 22    Int: 10    God:
Gold:   234        SH:  0    Dex: 21    Spells: 6/6 levels left

rFire   . . .        i - +0 orcbow
rCold   . . .        (shield currently unavailable)
rNeg    . . .        c - +0 robe
rPois   .            (helmet restricted)
rElec   .            m - +1 cloak
rCorr   .            (gloves unavailable)
SInv    +            (boots unavailable)
Will    +....        h - amulet of regeneration
Stlth   +            (no ring)
HPRegen 1.05/turn    (no ring)
MPRegen 0.11/turn

%: no passive effects
@: on fire, glowing, very quick
A: very small, no large weapons, unfitting armour, see invisible, speed 3
a: no special abilities


You were on level 5 of the Dungeon.
You visited 1 branch of the dungeon, and saw 5 of its levels.

You collected 234 gold pieces.


Innate Abilities, Weirdness & Mutations

You are very small and have problems with some larger weapons.
You are too small for most types of armour.
You have supernaturally acute eyesight. (SInv)
You cover ground extremely quickly. (Speed+++)


   Skills:
 - Level 2.0 Fighting
 - Level 7.2 Ranged Weapons
 + Level 6.9 Dodging
 - Level 1.5 Stealth


You had 6 spell levels left.
You didn't know any spells.
Your spell library was empty.

Inventory:

Hand Weapons
 i - a +0 orcbow (weapon)
Armour
 c - a +0 robe (worn)
 m - a +1 cloak (worn)
Jewellery
 h - an amulet of regeneration (around neck)
Wands
 b - a wand of roots (12)
Scrolls
 f - a scroll of teleportation
 g - a scroll of identify
Potions
 d - a potion of heal wounds
 e - a potion of curing
 j - a potion of magic {unknown}
 k - a potion of attraction {unknown}

Dungeon Overview and Level Annotations

Branches:
Dungeon (5/15)
 Temple: D:4-7

Altars:
Cheibriados
Dithmenos
Gozag
Sif Muna
Uskayaw
Vehumet


Message History

A bombardier beetle comes into view.
You shoot an arrow.
The arrow hits the bombardier beetle but does no damage.
You shoot an arrow. The arrow hits the bombardier beetle.
The bombardier beetle is moderately wounded.
You shoot an arrow.
The arrow hits the bombardier beetle but does no damage.
The bombardier beetle is moderately wounded.
You shoot an arrow.
The arrow barely misses the bombardier beetle.
You shoot an arrow. The arrow hits the bombardier beetle!
The bombardier beetle is almost dead.
The bombardier beetle sprays incendiary fluid at you.
The burning spray hits you.
You are covered in liquid fire!
You shoot an arrow.
The arrow closely misses the bombardier beetle.
The liquid fire burns you!
You shoot an arrow. The arrow hits the bombardier beetle!
You kill the bombardier beetle!
The liquid fire burns you!
You are on fire!
The liquid fire burns you!
You are on fire!
The liquid fire burns you!
You are on fire!
The liquid fire burns you!
You are on fire!
The liquid fire burns you!
You are on fire!
The liquid fire burns you!
You are on fire!
The liquid fire burns you!
You are on fire!
The liquid fire burns you!
You are on fire!
The liquid fire burns you!
You are on fire!
The liquid fire burns you!
You die...

###..##.......#.....####.......
##...#...............####......
#......##+##..........#........
##......# #...................
#......## _.
#.......[##.#......
###....#....
#.##.>..###.#.#.... #....#.###
#..#.........####..
#....###(###..######...### #..
##...##.((##.@# ###...####.
#....#.#(#(#.$# #####..[.
#....#..#((#..# ###..
#####...#.#.#(#..+ #..
..##....##...##.%# #..
..[......#####.... #..
#................. #..
..<............#.. #..
............# #..


You could see 8 dancing weapons.

Vanquished Creatures
  A water moccasin (D:4)
  A centaur (D:5)
  A phantom (D:5)
  A scorpion (D:5)
  A bombardier beetle (D:5)
  An orc priest (D:3)
  2 iguanas
  3 gnolls (D:4)
  4 adders
  A shadow imp (D:5)
  4 dart slugs
  2 ribbon worms
  10 orcs
  9 bats
  12 endoplasms
  6 giant cockroaches
  8 goblins
  5 hobgoblins
  6 jackals
  2 quokkas
  11 ball pythons
  3 frilled lizards (D:1)
  11 kobolds
  4 rats
109 creatures vanquished.

Notes
Turn   | Place    | Note
-------+----------+-------------------------------------------
     0 | D:1      | qw the Spriggan Hunter began the quest for the Orb.
     0 | D:1      | Reached XP level 1. HP: 10/10 MP: 2/2
     0 | D:1      | 0 ||| qw: Version: 0.3-a-160-g6735b56
     0 | D:1      | 0 ||| qw: Game counter: 5824
     0 | D:1      | 0 ||| qw: Melee chars always use a shield: true
     0 | D:1      | 0 ||| qw: God list: Okawaru
     0 | D:1      | 0 ||| qw: Allow faded altars: false
     0 | D:1      | 0 ||| qw: Do Orc after clearing Dungeon:15 true
     0 | D:1      | 0 ||| qw: Do second Lair branch before Depths: true
     0 | D:1      | 0 ||| qw: Lair rune preference: random
     0 | D:1      | 0 ||| qw: Goals: Normal
     0 | D:1      | 0 ||| PLANNING D:1-11
    20 | D:1      | Reached skill level 3 in Dodging
    33 | D:1      | Reached XP level 2. HP: 14/14 MP: 3/3
   300 | D:1      | Reached XP level 3. HP: 18/18 MP: 4/4
   557 | D:1      | 557 ||| UPGRADING to amulet of regeneration.
   562 | D:1      | 562 ||| DROPPING ring of magical power.
   563 | D:1      | 563 ||| READING 2 scrolls labelled UTAYJY SINANU.
   563 | D:1      | 563 ||| ENCHANTING +0 shortbow.
   564 | D:1      | 564 ||| READING scroll labelled TYSEZE VU UCSI.
   567 | D:1      | 567 ||| DROPPING scroll of butterflies.
  1215 | D:2      | Reached skill level 5 in Ranged Weapons
  1227 | D:2      | Reached XP level 4. HP: 22/22 MP: 5/5
  1373 | D:2      | 1373 ||| DROPPING +6 ring of intelligence.
  1374 | D:2      | 1374 ||| READING 2 scrolls labelled QISHOYVUEGH.
  1374 | D:2      | 1374 ||| IDENTIFYING bubbling black potion
  1375 | D:2      | 1375 ||| READING scroll of identify.
  1375 | D:2      | 1375 ||| IDENTIFYING 2 sedimented silvery potions
  1376 | D:2      | 1376 ||| READING scroll labelled ZODICR BEOB.
  1377 | D:2      | 1377 ||| DROPPING 2 potions of ambrosia.
  1379 | D:2      | 1379 ||| Stepping ~*~*~tactically~*~*~ (cloud).
  1479 | D:3      | Found an opulent altar of Gozag.
  1555 | D:3      | 1555 ||| FLEEEEING.
  1558 | D:3      | 1558 ||| FLEEEEING.
  1559 | D:3      | 1559 ||| FLEEEEING.
  1561 | D:3      | 1561 ||| FLEEEEING.
  1563 | D:3      | 1563 ||| FLEEEEING.
  1741 | D:3      | 1741 ||| FLEEEEING.
  1861 | D:3      | Reached XP level 5. HP: 26/26 MP: 6/6
  1918 | D:3      | Found a faded altar of an unknown god.
  1923 | D:3      | Found a shimmering blue altar of Sif Muna.
  2079 | D:3      | 2079 ||| UPGRADING to +0 cloak.
  2084 | D:3      | 2084 ||| READING scroll of enchant armour.
  2084 | D:3      | 2084 ||| ENCHANTING +0 cloak.
  2085 | D:3      | 2085 ||| READING scroll of identify.
  2085 | D:3      | 2085 ||| IDENTIFYING silvery potion
  2086 | D:3      | 2086 ||| READING scroll labelled ZUIMPOPNEUN.
  2132 | D:4      | Found a shadowy altar of Dithmenos.
  2140 | D:4      | Noticed a water moccasin
  2161 | D:4      | Killed a water moccasin
  2162 | D:4      | Reached skill level 6 in Ranged Weapons
  2162 | D:4      | Reached XP level 6. HP: 28/30 MP: 7/7
  2302 | D:4      | 2302 ||| READING scroll of identify.
  2302 | D:4      | 2302 ||| IDENTIFYING puce potion
  2303 | D:4      | 2303 ||| DROPPING potion of brilliance.
  2464 | D:4      | Found a radiant altar of Vehumet.
  2714 | D:4      | 2714 ||| DROPPING scarf of harm.
  2715 | D:4      | 2715 ||| READING scroll labelled BAMI SESTIBIC.
  2716 | D:4      | 2716 ||| READING scroll labelled JALUTOA JOESUE.
  2717 | D:4      | 2717 ||| DRINKING 2 lumpy blue potions.
  2766 | D:4      | 2766 ||| DROPPING potion of lignification.
  2815 | D:5      | Entered Level 5 of the Dungeon
  2815 | D:5      | Noticed a +0 spear
  2815 | D:5      | Noticed a +0 dagger
  2818 | D:5      | Noticed a +0 spear
  2819 | D:5      | Noticed a +0 short sword
  2819 | D:5      | Noticed a +0 falchion
  2820 | D:5      | Noticed a +0 falchion
  2820 | D:5      | Noticed a +0 short sword
  2823 | D:5      | Reached skill level 6 in Dodging
  2823 | D:5      | Noticed a +0 dagger
  2826 | D:5      | Found a hide-covered altar of Uskayaw.
  2887 | D:5      | Found a snail-covered altar of Cheibriados.
  2910 | D:5      | 2910 ||| FLEEEEING.
  2911 | D:5      | 2911 ||| FLEEEEING.
  2912 | D:5      | 2912 ||| FLEEEEING.
  2913 | D:5      | 2913 ||| FLEEEEING.
  2914 | D:5      | 2914 ||| FLEEEEING.
  2915 | D:5      | 2915 ||| FLEEEEING.
  2940 | D:5      | Reached skill level 7 in Ranged Weapons
  2940 | D:5      | Reached XP level 7. HP: 35/35 MP: 8/8
  2950 | D:5      | 2950 ||| SWAPPING to +0 orcbow.
  2951 | D:5      | 2951 ||| DROPPING +0 shortbow.
  3008 | D:5      | HP: 6/35 [burnt (4)]
  3009 | D:5      | HP: 2/35 [burnt (5)]
  3010 | D:5      | Incinerated by a bombardier beetle

Levels and vault maps discovered:
D:1:      lightli_iron_boxes, layout_basic, st_stairs_10
D:2:      layout_basic
D:3:      layout_basic, nicolae_overflow_ecumenical_swirl,
          nicolae_gozag_seed_capital, corexii_hall_statues_deadend,
          hangedman_abyss_or_decor_lesser_grid, grunt_ministairs_15
D:4:      layout_basic, nicolae_dithmenos_shadow_blocks,
          nicolae_vehumet_altar_sigil
D:5:      minmay_chambers_of_fours, layout_cave_pools,
          nicolae_uskayaw_en_pointe, kennysheep_slug_shrine,
          mainiacjoe_overflow_paths, lemuel_coloured_pillars_altar

Skill      XL: |  1  2  3  4  5  6 |
---------------+-------------------+-----
Dodging        | 3 4 5 6 |  6.9
Ranged Weapons | 5 6 7 |  7.2
Fighting       | 2 |  2.0
Stealth        | |  1.5

Action                     |  1- 3 |  4- 6 |  7- 9 || total
---------------------------+-------+-------+-------++-------
   Fire: Shortbow          |   115 |   199 |     2 ||   316
         Orcbow            |       |       |     8 ||     8
    Use: Scroll            |     2 |     9 |       ||    11
         Potion            |       |     1 |       ||     1
 Armour: Robe              |     9 |    34 |       ||    43
  Dodge: Dodged            |    17 |    95 |     1 ||   113

Table legend:
 A = Non-vault XP
 B = Vault XP
 C = Vault XP percentage of total XP
 D = Non-vault monster count
 E = Vault monster count
 F = Vault count percentage of total count
                 A         B        C        D         E       F
            +---------+---------+-------+---------+---------+-------
      Total |     876 |      24 |   2.7 |     103 |       6 |   5.5
            +---------+---------+-------+---------+---------+-------
        D:1 |      40 |       6 |  13.0 |      26 |       3 |  10.3
        D:2 |      57 |       0 |   0.0 |      26 |       0 |   0.0
        D:3 |      89 |      14 |  13.6 |      21 |       2 |   8.7
        D:4 |     271 |       0 |   0.0 |      19 |       0 |   0.0
        D:5 |     419 |       4 |   0.9 |      11 |       1 |   8.3
            +---------+---------+-------+---------+---------+-------
